AoeStats
← Kim Suce?

Fortress

507071411Analyzed
3v3 RM · 15d ago on Sep 16, 2026· 53m 36s· 6 players
Game mode
Random Map
Map size
Large (8 player)
Population
200
Speed
Normal
Resources
Standard
Victory
Conquest
Starting age
Dark Age
Ending age
Imperial Age
RankedLock teamsTeams togetherTeam positionsShared explorationLock speedFull tech treeHidden civsTurbo modeCheats
Victory
Defeat
🇲🇽 Spanish · Mexico
926
+14
🇲🇽 Poles · Mexico
923
+14
🇲🇽 Goths · Mexico
918
+14
🇪🇸 Vietnamese · Spain
883
-14
🇺🇾 Turks · Uruguay
879
-14
🇸🇪 Tatars · Sweden
875
-14
Akreed
6:50 Feudal Age
11:50 Castle Age
11:00 Double-Bit Axe
11:14 Horse Collar
21:01 Scale Barding Armor
21:07 Forging
21:16 Bow Saw
21:12 Heavy Plow
22:33 Wheelbarrow
21:45 Loom
22:55 Bloodlines
22:46 Husbandry
23:27 Gold Mining
23:27 Stone Mining
23:37 Stone Mining
25:49 Hand Cart
25:21 Town Watch
29:25 Imperial Age
28:27 Chain Barding Armor
28:52 Iron Casting
30:15 Elite Steppe Lancer
31:43 Plate Barding Armor
38:28 Blast Furnace
39:39 Ballistics
40:20 Chemistry
39:27 Siege Engineers
43:26 Timurid Siegecraft
44:09 Masonry
43:55 Murder Holes
44:11 Fortified Wall
50:20 Silk Armor
kikekalimar
9:31 Feudal Age
10:49 Double-Bit Axe
11:40 Wheelbarrow
10:48 Horse Collar
11:00 Gold Mining
11:27 Man-at-Arms
16:43 Castle Age
16:10 Stone Mining
19:21 Bow Saw
18:40 Pikeman
19:24 Husbandry
19:41 Forging
19:36 Scale Barding Armor
20:42 Stone Shaft Mining
20:50 Heavy Plow
22:36 Iron Casting
22:35 Fletching
24:07 Chain Barding Armor
25:46 Bodkin Arrow
26:51 Loom
26:40 Long Swordsman
28:04 Hand Cart
28:14 Scale Mail Armor
28:53 Chatras
28:15 Elite Skirmisher
29:19 Caravan
33:09 Imperial Age
31:24 Treadmill Crane
31:56 Fortified Wall
32:07 Ballistics
31:23 Light Cavalry
32:48 Padded Archer Armor
33:03 Chain Mail Armor
32:42 Guard Tower
34:27 Paper Money
34:08 Onager
36:01 Chemistry
34:42 Imperial Skirmisher
36:54 Halberdier
37:08 Cavalier
39:20 Two-Handed Swordsman
40:02 Elite Fire Lancer
42:08 Champion
44:33 Plate Barding Armor
43:59 Bracer
46:49 Plate Mail Armor
46:27 Arrowslits
46:38 Murder Holes
48:04 Keep
51:01 Leather Archer Armor
53:29 Two-Man Saw
Petrucci!
7:26 Loom
9:34 Feudal Age
13:39 Castle Age
11:30 Double-Bit Axe
13:38 Gold Mining
13:44 Horse Collar
14:08 Padded Archer Armor
16:34 Bow Saw
17:31 Stone Mining
20:21 Heavy Plow
24:09 Wheelbarrow
23:35 Town Watch
25:29 Leather Archer Armor
25:31 Bloodlines
27:16 Scale Barding Armor
32:15 Imperial Age
31:13 Chain Barding Armor
34:42 Artillery
35:17 Murder Holes
38:29 Forging
Lamb
7:43 Feudal Age
13:50 Castle Age
15:04 Double-Bit Axe
16:43 Bow Saw
18:30 Loom
19:20 Wheelbarrow
18:45 Gold Mining
18:48 Stone Mining
20:00 Town Watch
25:03 Hand Cart
24:55 Horse Collar
25:45 Heavy Plow
27:24 Stone Shaft Mining
27:11 Fortified Wall
27:55 Ballistics
28:22 Husbandry
28:33 Bloodlines
32:57 Imperial Age
30:30 Town Patrol
31:01 Scale Barding Armor
31:07 Forging
32:40 Chain Barding Armor
34:17 Hoardings
34:03 Conscription
34:09 Conscription
34:52 Two-Man Saw
33:29 Cavalier
36:40 Chemistry
35:56 Paladin
38:47 Plate Barding Armor
38:14 Scale Mail Armor
38:05 Fletching
38:50 Iron Casting
38:19 Inquisition
38:42 Supremacy
41:43 Chain Mail Armor
49:12 Plate Mail Armor
49:43 Blast Furnace
48:38 Bodkin Arrow
48:44 Padded Archer Armor
51:15 Squires
50:35 Pikeman
Betty la fea
7:47 Feudal Age
11:48 Castle Age
17:37 Wheelbarrow
18:51 Horse Collar
19:37 Hand Cart
24:50 Imperial Age
22:34 Heavy Plow
22:33 Double-Bit Axe
23:35 Loom
24:18 Bow Saw
24:21 Forging
24:47 Scale Mail Armor
24:56 Squires
25:01 Anarchy
25:55 Conscription
26:49 Crop Rotation
26:37 Chain Mail Armor
25:59 Pikeman
28:14 Gold Mining
29:07 Perfusion
31:36 Two-Man Saw
30:10 Halberdier
31:49 Iron Casting
39:16 Blast Furnace
49:47 Elite Huskarl
Kim Suce?
7:15 Feudal Age
9:03 Double-Bit Axe
11:49 Castle Age
10:57 Horse Collar
16:06 Loom
18:24 Bloodlines
20:07 Szlachta Privileges
21:33 Elite Skirmisher
22:34 Padded Archer Armor
22:25 Fletching
24:09 Leather Archer Armor
23:52 Bodkin Arrow
25:41 Wheelbarrow
26:23 Husbandry
29:20 Forging
29:11 Scale Mail Armor
28:41 Pikeman
29:22 Squires
33:22 Imperial Age
31:11 Hand Cart
32:04 Gold Mining
33:19 Scale Barding Armor
33:31 Chain Mail Armor
34:27 Conscription
33:36 Cavalier
36:02 Town Watch
38:03 Bracer
38:29 Heavy Plow
41:06 Bow Saw
40:51 Stone Mining
44:08 Crop Rotation
44:20 Stone Shaft Mining
45:47 Iron Casting
45:33 Chain Barding Armor
46:45 Arson
48:50 Plate Mail Armor
49:21 Blast Furnace
Connection lost

Rejoining the realm…

Still unreachable

The connection could not be restored.

Session expired

The server has moved on; the page needs a fresh start.